 Dungeon Crawl Stone Soup version 0.28-a0-834-g1a73be5ee4 (webtiles) character file.

Game seed: 15033494765169385570

18972 jfvlr the Unseen (level 12, -10/87 HPs)
             Began as a Spriggan Enchanter on Nov 11, 2021.
             Was a High Priest of Dithmenos.
             Mangled by Frances (18 damage)
             ... on level 12 of the Dungeon.
             The game lasted 00:31:24 (12812 turns).

jfvlr the Unseen (Spriggan Enchanter)              Turns: 12812, Time: 00:31:24

Health: -10/87     AC:  7    Str:  8    XL:     12   Next: 32%
Magic:  30/30      EV: 25    Int: 17    God:    Dithmenos [*****.]
Gold:   654        SH:  0    Dex: 16    Spells: 29/37 levels left

rFire   . . .      SeeInvis +   c - +5 dagger (elec)
rCold   . . .      Faith    .   (shield restricted)
rNeg    . . .      Spirit   .   y - +0 steam dragon scales
rPois   .          Reflect  .   (helmet restricted)
rElec   .          Harm     .   l - +1 cloak {Will+}
rCorr   +          Rampage  .   (gloves unavailable)
Will    ++++.                   (boots unavailable)
Stlth   ..........              q - amulet of regeneration
HPRegen 1.24/turn               g - +4 ring of evasion
MPRegen 0.22/turn               t - ring of resist corrosion

@: berserking, slowed, wreathed by umbra, very quick
A: very small, no large weapons, unfitting armour, see invisible, speed 3,
hooves 1, strong-willed 1
a: Renounce Religion, Shadow Step, Shadow Form


You were on level 12 of the Dungeon.
You worshipped Dithmenos.
Dithmenos was extremely pleased with you.
You visited 2 branches of the dungeon, and saw 13 of its levels.

You collected 654 gold pieces.

Inventory:

Hand Weapons
 c - a +5 dagger of electrocution (weapon)
 n - a +2 short sword of venom
 z - a +2 dagger of venom
Missiles
 d - 61 poisoned darts (quivered)
 f - 2 throwing nets
 r - 4 datura-tipped darts
 x - 2 curare-tipped darts
Armour
 l - a +1 cloak of willpower (worn)
 y - +0 steam dragon scales (worn)
Jewellery
 g - a +4 ring of evasion (left hand)
 i - an amulet of magic regeneration
 k - a ring of protection from fire
 q - an amulet of regeneration (around neck)
 t - a ring of resist corrosion (right hand)
 w - a ring of protection from cold
 E - an amulet of reflection
Wands
 a - a wand of flame (8)
 u - a wand of digging (8)
Scrolls
 e - 4 scrolls of teleportation
 v - a scroll of blinking
 A - a scroll of amnesia
 C - a scroll of brand weapon
Potions
 b - 2 potions of brilliance
 h - 2 potions of attraction
 m - a potion of lignification
 o - 3 potions of curing
 p - a potion of haste
 s - 2 potions of heal wounds
 F - a potion of cancellation


   Skills:
 + Level 4.3 Fighting
 + Level 5.9 Short Blades
 + Level 7.3 Dodging
 + Level 16.1 Stealth
 + Level 13.2 Spellcasting
 + Level 13.3 Hexes


You had 29 spell levels left.
You knew the following spells:

 Your Spells              Type           Power      Damage    Failure   Level
a - Ensorcelled Hibernat  Hex/Ice        66%        N/A       1%          2
b - Tukima's Dance        Hex            54%        N/A       1%          3
c - Dazzling Flash        Conj/Hex       66%        N/A       1%          3

Your spell library contained the following spells:

 Spells                   Type           Power      Damage    Failure   Level
 Confusing Touch          Hex            54%        N/A       1%          3
 Animate Skeleton         Necr           22%        N/A       6%          1
 Apportation              Tloc           22%        N/A       6%          1
 Pain                     Necr           44%        1d6       6%          1
 Sandblast                Erth           22%        2d7       6%          1
 Summon Small Mammal      Summ           44%        N/A       6%          1
 Corpse Rot               Necr/Air       22%        N/A       10%         2
 Passwall                 Tmut/Erth      9%         N/A       10%         2
 Poisonous Vapours        Pois/Air       22%        N/A       10%         2
 Stone Arrow              Conj/Erth      22%        3d8       19%         3
 Agony                    Necr           11%        N/A       86%         5
 Excruciating Wounds      Necr           5%         N/A       86%         5


Dungeon Overview and Level Annotations

Branches:
Dungeon (12/15)            Temple (1/1) D:4            Lair (0/6) D:9
    Orc (0/2) D:9

Altars:
Cheibriados
Dithmenos
Hepliaklqana
Kikubaaqudgha
Makhleb
Qazlal
Ru
Sif Muna
Wu Jian
Xom
Yredelemnul
The Shining One
Beogh

Shops:
D:9 :

Annotations:
D:10 3 runed translucent doors, exclusion: 2 oklob saplings, dricus's ghost, journeyman GnWn
D:12 Frances


Innate Abilities, Weirdness & Mutations

You are very small and have problems with some larger weapons.
You are too small for most types of armour.
You have supernaturally acute eyesight. (SInv)
You cover ground extremely quickly. (Speed+++)
You have large cloven feet.
You are strong-willed. (Will+)


Message History

Aiming: Corrosive Bolt
Press: ? - help, Shift-Dir - straight line, f - Frances
Aim: Frances, wielding a +0 scimitar and wearing a +0 ring mail (lightly wounded, fast, umbra, 75% to hit)
The bolt of acid hits the wraith!
The wraith seems to be corroded for longer.
You destroy the wraith!
Dithmenos accepts your kill.
The bolt of acid hits Frances!
The acid corrodes Frances!
Frances is lightly wounded.
The now-empty wand crumbles to dust.
The slime creature hits you! Frances misses you. The slime creature misses you.
Unknown command.
Unknown command.
Casting: Tukima's Dance (safe; 1% risk of failure)
Confirm with . or Enter, or press ? or * to list all spells.
Aiming: Ensorcelled Hibernation (safe; 1% risk of failure)
Press: ? - help, Shift-Dir - straight line, f/p - Frances
Aim: Frances, wielding a +0 scimitar and wearing a +0 ring mail (lightly wounded, fast, covered in acid, umbra, chance to affect: 5%)
Okay, then.
Unknown command.
Unknown command.
A red film seems to cover your vision as you go berserk!
You feel yourself moving faster!
You feel mighty! Frances completely misses you. Frances misses you.
The slime creature completely misses you.
You barely miss Frances.
Frances is lightly wounded.
Your shadow hits Frances with a dagger. Frances hits you with a +0 scimitar!
A troll comes into view.
The slime creature hits you.
You puncture Frances! You kick Frances.
Frances is moderately wounded.
Frances hits you with a +0 scimitar!!
* * * LOW HITPOINT WARNING * * *
The troll completely misses you. The troll claws you but does no damage.
The troll closely misses you. The slime creature misses you.
You puncture Frances! You kick Frances!
Frances is heavily wounded.
Your shadow hits Frances with a dagger. Frances hits you with a +0 scimitar!!
You die...

#..#..#. .+ #..#..#...#
#..#..+... #..#.J....#
. ###..).#
#.)#+######.. #.....##
##...........
#..#.#..###............
# #c##@J#...##<..#####
###[@###............
#.T##.##...........
##..#.#............
##(....###########
#.............
................
..................
##################


You could see Frances (fast, corroded), a slime creature (corroded) and a troll.

Vanquished Creatures
  A hydra (D:11)
  A centaur warrior (D:9)
  4 skeletal warriors
  The ghost of Zigma the Grave Robber, a novice OpNe (D:6)
  A cyclops (D:6)
  An ice statue (D:10)
  A gargoyle (D:11)
  Maggie (D:7)
  5 kobold demonologists
  A komodo dragon (D:11)
  3 trolls
  A hornet (D:10)
  A slime creature (D:12)
  A shadow (D:10)
  5 wraiths
  2 wyverns (D:9)
  12 yaks
  A basilisk (D:11)
  3 steam dragons
  Menkaure (D:6)
  3 vampire mosquitoes (D:11)
  4 wargs (D:9)
  An acid dragon (D:8)
  A water moccasin (D:10)
  Duvessa (D:5)
  6 orc warriors
  A black bear (D:6)
  An ice beast (D:7)
  2 sky beasts (D:8)
  2 ogres
  2 wolves
  3 centaurs
  4 kobold brigands
  4 bullfrogs
  Blork the orc (D:4)
  A scorpion (D:6)
  Dowan (D:5)
  A water moccasin skeleton (D:5)
  2 wyvern skeletons (D:7)
  3 killer bees (D:8)
  7 wights
  An electric eel (D:9)
  4 howler monkeys
  8 centaur zombies
  A jelly (D:5)
  A gnoll shaman (D:8)
  A centaur skeleton (D:5)
  5 hounds
  11 orc priests
  2 iguanas
  9 orc wizards
  A killer bee zombie (D:8)
  4 gnolls (D:8)
  7 adders
  A white imp (D:6)
  2 dart slugs
  A worm (D:3)
  40 orcs
  4 endoplasms (D:1)
  4 giant cockroaches
  7 goblins
  8 hobgoblins
  4 jackals (D:10)
  10 ball pythons
  4 bats
  2 frilled lizards (D:2)
  20 kobolds
  8 rats
268 creatures vanquished.

Vanquished Creatures (collateral kills)
  A two-headed ogre (D:8)
  A skeletal warrior (D:10)
  3 orc warriors
  A kobold brigand (D:8)
  A killer bee (D:8)
  4 wights
  An orc priest (D:10)
  A gnoll (D:8)
  A white imp (D:8)
  A dart slug (D:4)
  6 orcs
  6 kobolds
27 creatures vanquished.

Vanquished Creatures (others)
  7 dancing weapons
  An orc wizard (D:8)
  An adder (D:4)
  2 orcs (D:8)
  8 plants (D:10)
19 creatures vanquished.

Grand Total: 314 creatures vanquished

Notes
Turn   | Place    | Note
-------+----------+-------------------------------------------
     0 | D:1      | jfvlr the Spriggan Enchanter began the quest for the Orb.
     0 | D:1      | Reached XP level 1. HP: 9/9 MP: 5/5
   270 | D:1      | Reached XP level 2. HP: 7/13 MP: 7/7
   273 | D:1      | Learned a level 2 spell: Ensorcelled Hibernation
   760 | D:1      | You fall into a shaft and drop 1 floor!
  1218 | D:1      | Reached XP level 3. HP: 16/16 MP: 9/9
  2846 | D:3      | Found a faded altar of an unknown god.
  3064 | D:3      | Reached skill level 5 in Hexes
  3064 | D:3      | Reached XP level 4. HP: 21/21 MP: 3/11
  3091 | D:3      | Learned a level 3 spell: Tukima's Dance
  3095 | D:3      | Learned a level 3 spell: Dazzling Flash
  3287 | D:4      | Found a staircase to the Ecumenical Temple.
  3296 | Temple   | Entered the Ecumenical Temple
  3302 | Temple   | Became a worshipper of Dithmenos the Shadowed
  3637 | D:4      | Noticed a centaur
  3658 | D:4      | Gained mutation: You have large cloven feet. [potion of
                  | mutation]
  3658 | D:4      | Gained mutation: You are strong-willed. (Will+) [potion of
                  | mutation]
  3668 | D:4      | Killed a centaur
  3669 | D:4      | Reached skill level 5 in Spellcasting
  3669 | D:4      | Reached XP level 5. HP: 9/24 MP: 10/13
  3853 | D:4      | Found a glowing golden altar of the Shining One.
  3865 | D:4      | Noticed Blork the orc
  3882 | D:4      | Killed Blork the orc
  4012 | D:4      | Reached skill level 5 in Stealth
  4384 | D:5      | Entered Level 5 of the Dungeon
  4398 | D:5      | Reached XP level 6. HP: 27/28 MP: 15/15
  4816 | D:5      | Noticed Duvessa
  4816 | D:5      | Noticed Dowan
  4832 | D:5      | Killed Duvessa
  4833 | D:5      | Reached skill level 6 in Stealth
  4844 | D:5      | Killed Dowan
  5264 | D:5      | Reached XP level 7. HP: 32/32 MP: 17/17
  5861 | D:6      | Reached skill level 7 in Stealth
  5872 | D:6      | Reached * piety under Dithmenos
  5916 | D:6      | Noticed a cyclops
  5928 | D:6      | Killed a cyclops
  5929 | D:6      | Reached skill level 8 in Stealth
  5929 | D:6      | Reached XP level 8. HP: 36/36 MP: 18/20
  6021 | D:6      | Found a runed translucent gate.
  6022 | D:6      | Found a runed translucent gate.
  6023 | D:6      | Noticed Zigma's ghost (novice OpNe)
  6023 | D:6      | Found a runed translucent gate.
  6144 | D:6      | Noticed Menkaure
  6148 | D:6      | Killed Menkaure
  6149 | D:6      | Reached skill level 9 in Stealth
  6239 | D:6      | Found a snail-covered altar of Cheibriados.
  6541 | D:6      | Killed Zigma's ghost
  6542 | D:6      | Reached skill level 10 in Stealth
  6542 | D:6      | Reached XP level 9. HP: 39/39 MP: 22/22
  6857 | D:7      | Reached ** piety under Dithmenos
  6924 | D:7      | Noticed Maggie
  6931 | D:7      | Killed Maggie
  6932 | D:7      | Reached skill level 11 in Stealth
  7242 | D:8      | Reached skill level 10 in Hexes
  7454 | D:8      | Reached skill level 10 in Spellcasting
  7477 | D:8      | Reached skill level 12 in Stealth
  7544 | D:8      | Found a shimmering altar of Xom.
  7785 | D:8      | Noticed a two-headed ogre
  7892 | D:9      | Reached XP level 10. HP: 30/40 MP: 10/25
  7971 | D:9      | Noticed a centaur warrior
  7985 | D:9      | Killed a centaur warrior
  7986 | D:9      | Reached skill level 13 in Stealth
  8180 | D:8      | Killed a two-headed ogre
  8273 | D:8      | Found an ornate altar of the Wu Jian Council.
  8571 | D:8      | Reached *** piety under Dithmenos
  8613 | D:8      | Reached skill level 14 in Stealth
  8808 | D:9      | Reached skill level 1 in Fighting
  8936 | D:9      | Found a staircase to the Lair.
  9007 | D:9      | Found a staircase to the Orcish Mines.
  9040 | D:9      | Found Ijughogh's Self-Improvement Boutique.
  9163 | D:9      | Reached XP level 11. HP: 49/49 MP: 20/28
  9233 | D:9      | Found a stormy altar of Qazlal.
  9694 | D:10     | Entered Level 10 of the Dungeon
  9957 | D:10     | Reached **** piety under Dithmenos
 10294 | D:10     | Reached skill level 15 in Stealth
 10469 | D:10     | Found a runed translucent gate.
 10469 | D:10     | Found a runed translucent gate.
 10469 | D:10     | Found a runed translucent gate.
 10469 | D:10     | Noticed dricus's ghost (journeyman GnWn)
 10471 | D:10     | Found a basalt altar of Yredelemnul.
 10496 | D:10     | Reached skill level 5 in Dodging
 11247 | D:11     | Noticed a skeletal warrior
 11247 | D:11     | Noticed a skeletal warrior
 11247 | D:11     | Noticed a skeletal warrior
 11247 | D:11     | Noticed a skeletal warrior
 11247 | D:11     | Noticed a skeletal warrior
 11249 | D:11     | Killed a skeletal warrior
 11251 | D:11     | Killed a skeletal warrior
 11253 | D:11     | Killed a skeletal warrior
 11459 | D:10     | Killed a skeletal warrior
 11553 | D:10     | Killed a skeletal warrior
 11717 | D:11     | Reached skill level 5 in Short Blades
 11731 | D:11     | Noticed a six-headed hydra
 11746 | D:11     | Killed a six-headed hydra
 11747 | D:11     | Reached XP level 12. HP: 58/58 MP: 23/29
 11810 | D:11     | Reached ***** piety under Dithmenos
 12107 | D:11     | Reached skill level 16 in Stealth
 12791 | D:12     | Identified the +0 helmet of the Amoeba {Int+2 Dex+3}
 12799 | D:12     | Noticed Frances
 12812 | D:12     | Mangled by Frances

Illustrated notes

Levels and vault maps discovered:
D:1:      zelgadis_glass_arrival_small, layout_basic
D:2:      layout_loops_ring
D:3:      layout_basic, hellmonk_ecumenical_altar_leap_of_faith
D:4:      layout_basic, nicolae_tso_carved_into_rock,
          minmay_temple_entry_statues, st_stairs_8, minmay_crystal_water,
          hangedman_decor_diamond_cutter, uniq_blork_the_orc
D:5:      layout_basic, minmay_misc_feat_roman, uniq_duvessa
D:6:      kennysheep_big_flooded_room, layout_loops_ring,
          overflow_temple_1_default, biasface_ghost_orc_armoury, uniq_menkaure
D:7:      layout_cave_pools, uniq_maggie
D:8:      layout_cave_pools, mainiacjoe_overflow_24_doors, xom_confusion_cloud
D:9:      layout_roguey, nicolae_qazlal_style_of_elements, erik_lair_island,
          minmay_orc_entry_guard_dogs, nicolae_shop_self_help
D:10:     layout_stronghold, nicolae_yredelemnul_ghost_church, minivault_16,
          introduction_to_nature_2
D:11:     layout_roguey [special_room_orc], grunt_ministairs_13
D:12:     evilmike_diamond_1, layout_basic, minmay_between, uniq_frances
Temple:   eino_temple_rhombus

Skill      XL: |  1  2  3  4  5  6  7  8  9 10 11 12 |
---------------+-------------------------------------+-----
Spellcasting   | 3 4 5 6 7 8 10 12 13 | 13.2
Hexes          | 4 5 6 8 9 10 12 13 | 13.3
Stealth        | 5 6 8 10 12 14 15 16 | 16.1
Dodging        | 3 6 7 |  7.3
Fighting       | 1 3 4 |  4.3
Short Blades   | 2 5 |  5.9

Action                   |  1- 3 |  4- 6 |  7- 9 | 10-12 || total
-------------------------+-------+-------+-------+-------++-------
Melee: Dagger            |   115 |    62 |   200 |   454 ||   831
       Kick              |       |    14 |    40 |    92 ||   146
       Short sword       |       |    12 |       |       ||    12
Throw: Dart              |     1 |       |       |       ||     1
 Cast: Ensorcelled Hiber |    10 |    16 |    15 |    62 ||   103
       Tukima's Dance    |       |     4 |    21 |    54 ||    79
Invok: Shadow Step       |       |       |       |     1 ||     1
Evoke: Wand              |       |     1 |     8 |    12 ||    21
  Use: Scroll            |     4 |     3 |     8 |     8 ||    23
       Potion            |       |     2 |     3 |     6 ||    11
 Stab: Sleeping          |    18 |    11 |    24 |    56 ||   109
       Distracted        |       |     3 |       |     2 ||     5
       Invisible         |       |     1 |     1 |       ||     2
Armor: Robe              |     6 |     7 |     8 |       ||    21
       Steam dragon scal |       |       |    10 |    74 ||    84
Dodge: Dodged            |    70 |    66 |   218 |   569 ||   923

Table legend: (Time is in decaauts)
 A = Elapsed time spent in this place.
 B = Non-inter-level travel time spent in this place.
 C = Inter-level travel time spent in this place.
 D = Time resting spent in this place.
 E = Time spent auto-exploring this place.
 F = Levels seen in this place.
 G = Mean time per level.
                   A        B        C        D        E       F      G
               +--------+--------+--------+--------+--------+-----+--------+
         Total |   9660 |   9352 |    308 |   1269 |   5877 |  13 |  743.1 |
       Dungeon |   9652 |   9348 |    304 |   1269 |   5877 |  12 |  804.3 |
        Temple |      8 |      4 |      4 |      0 |      0 |   1 |    8.0 |
               +--------+--------+--------+--------+--------+-----+--------+

Top non-repeatable levels by time:
     D:1: 1317 daAuts
    D:10: 1196 daAuts
     D:8: 1084 daAuts
     D:9: 1081 daAuts
     D:5: 946 daAuts
    D:11: 918 daAuts
     D:6: 855 daAuts
     D:4: 844 daAuts
     D:3: 563 daAuts
     D:2: 558 daAuts
     D:7: 258 daAuts
    D:12: 26 daAuts
  Temple: 8 daAuts
